 Dungeon Crawl Stone Soup version 0.32-a0-484-g2eb335deba (webtiles) character file.

Game seed: 15708926624965586394

175 Alarak the Trooper (level 5, 0/46 HPs)
             Began as a Formicid Fighter on Feb 26, 2024.
             Killed from afar by an orc wizard (8 damage)
             ... with a puff of flame
             ... on level 3 of the Dungeon.
             The game lasted 00:04:11 (1937 turns).

Alarak the Trooper (Formicid Fighter)               Turns: 1937, Time: 00:04:12

Health: 0/46       AC:  8    Str: 22    XL:     5   Next: 86%
Magic:  5/5        EV:  9    Int:  8    God:
Gold:   61         SH:  5    Dex: 13    Spells: 4/4 levels left

rFire   . . .        l - +4 dagger (chaos)
rCold   . . .        c - +0 buckler
rNeg    . . .        b - +0 scale mail
rPois   .            (helmet unavailable)
rElec   .            e - +0 cloak
rCorr   .            (no gloves)
SInv    +            (no boots)
Will    .....        (no amulet) Stlth
                     (no ring)
HPRegen 0.27/turn    (no ring)
MPRegen 0.09/turn

%: no passive effects
@: no status effects
A: permanent stasis, dig shafts and tunnels, antennae 3, four strong arms
a: Dig, Shaft Self


You were on level 3 of the Dungeon.
You visited 1 branch of the dungeon, and saw 3 of its levels.

You collected 61 gold pieces.

Inventory:

Hand Weapons
 a - a +0 war axe
 k - a +3 dagger of speed
 l - a +4 dagger of chaos (weapon)
Missiles
 h - a throwing net
Armour
 b - a +0 scale mail (worn)
 c - a +0 buckler (worn)
 e - a +0 cloak (worn)
Potions
 d - 2 potions of might
 f - 2 potions of heal wounds {unknown}
 g - a potion of attraction {unknown}


   Skills:
 - Level 6.0 Fighting
 - Level 2.7 Axes
 - Level 3.2 Armour
 + Level 4.5 Shields


You had 4 spell levels left.
You didn't know any spells.
Your spell library contained the following spells:

 Spells                   Type           Power      Damage    Failure   Level
 Freeze                   Ice            0%         1d3       80%         1
 Frozen Ramparts          Ice            0%         1d1       99%         3
 Hailstorm                Conj/Ice       0%         3d5       99%         3


Dungeon Overview and Level Annotations

Branches:
Dungeon (3/15)

Altars:

Shops:
D:1 =


Innate Abilities, Weirdness & Mutations

You cannot be hasted, slowed, berserked, paralysed or teleported.
You can dig through walls and to a lower floor.
You have a pair of large antennae on your head. (SInv)
Your four strong arms can wield two-handed weapons with a shield.


Message History

The orc wizard hits you with a +0 dagger.
The orc priest hits you but does no damage.
The orc hits you with a +0 mace.
You barely miss the orc priest.
The orc priest shouts, "Surrender to Beogh and we'll let you live!"
The orc priest is lightly wounded.
The orc priest threatens, "Beogh's wrath is as vast as their mercy.
Make your choice!"
The orc priest mumbles some strange prayers to Beogh against you.
Beogh smites you!
* * * LOW HITPOINT WARNING * * *
The kobold barely misses you. The orc hits you with a +0 mace.
* * * LOW HITPOINT WARNING * * *
The orc wizard barely misses you.
You hit the orc priest. You burn the orc priest.
The orc priest is moderately wounded.
The orc hits you but does no damage.
The orc priest looks satisfied for a moment.
You block the orc wizard's attack. The kobold hits you but does no damage.
You closely miss the orc priest.
The orc priest shouts, "Surrender to Beogh and we'll let you live!"
The orc priest is moderately wounded.
The kobold barely misses you. The orc priest barely misses you.
The orc wizard hits you but does no damage.
The orc hits you but does no damage.
You hit the orc priest. You drain the orc priest.
You kill the orc priest!
You block the kobold's attack.
The kobold throws a stone.
You block the stone. The orc wizard barely misses you.
The orc hits you with a +0 mace.
* * * LOW HITPOINT WARNING * * *
You hit the frilled lizard.
The frilled lizard seems to slow down.
You freeze the frilled lizard.
You kill the frilled lizard!
The orc hits you but does no damage. The orc wizard barely misses you.
You block the kobold's attack.
You barely miss the orc wizard.
The orc wizard is lightly wounded.
You block the kobold's attack. The orc wizard casts a spell at you.
The puff of flame hits you!
You die...

#......###
#####
#.##.....##
#....
##.#..###..##
#... .....##
##..###.#
##..##
##.....#
#..##
##..#.######
..##
##..†.....#
.##
##..####.##
.# #..@K....#
.#
#.Koo......
..
#....###....
#.
.......,,,...
..
....##...##
,, # ## #..#
#..$# ...
....#
#.####..##
###### #.#...
...


You could see an orc wizard (invisible), an orc and 2 kobolds.

Vanquished Creatures
  An orc priest (D:3)
  Jessica (D:2)
  An orc wizard (D:3)
  4 gnolls
  2 adders
  2 dart slugs (D:2)
  2 orcs (D:3)
  4 ball pythons
  4 endoplasms
  3 goblins
  A hobgoblin (D:2)
  4 kobolds
  2 quokkas
  3 bats
  3 frilled lizards
  5 rats
42 creatures vanquished.

Notes
Turn   | Place    | Note
-------+----------+-------------------------------------------
     0 | D:1      | Alarak the Formicid Fighter began the quest for the Orb.
     0 | D:1      | Reached XP level 1. HP: 18/18 MP: 1/1
    18 | D:1      | Found Unti's Jewellery Emporium.
   156 | D:1      | Reached XP level 2. HP: 22/24 MP: 2/2
   648 | D:1      | Reached skill level 4 in Fighting
   648 | D:1      | Reached XP level 3. HP: 11/30 MP: 3/3
   853 | D:2      | Reached XP level 4. HP: 25/38 MP: 4/4
  1253 | D:2      | Noticed Jessica
  1277 | D:2      | Killed Jessica
  1278 | D:2      | Reached skill level 5 in Fighting
  1332 | D:2      | Reached XP level 5. HP: 43/44 MP: 5/5
  1930 | D:3      | Reached skill level 6 in Fighting
  1937 | D:3      | Killed from afar by an orc wizard

Illustrated notes

Levels and vault maps discovered:
D:1:      tarquinn_simple_flora_water_a, layout_basic, serial_shops, shop
D:2:      layout_basic, serial_forest, infiniplex_forest_straight_2,
          infiniplex_forest_end_3, infiniplex_forest_clump_medium,
          infiniplex_forest_clump_small, infiniplex_forest_straight_1,
          infiniplex_forest_clump_diagonal, infiniplex_forest_straight_1,
          infiniplex_forest_clump_C, infiniplex_forest_end_3,
          infiniplex_forest_lined_room_3, uniq_jessica
D:3:      layout_loops_ring, grunt_gozag_breadcrumbs,
          nemelex_spade_bored_becter, portal_sewer_entry_f

Skill      XL: |  1  2  3  4  5 |
---------------+----------------+-----
Fighting       | 4 5 6 |  6.0
Axes           | |  2.7
Armour         | |  3.2
Shields        | |  4.5

Action                     |  1- 3 |  4- 6 || total
---------------------------+-------+-------++-------
  Melee: War axe           |    26 |       ||    26
         Dagger            |    34 |   104 ||   138
    Use: Scroll            |       |     2 ||     2
 Armour: Scale mail        |    42 |    71 ||   113
  Dodge: Dodged            |    25 |    26 ||    51
  Block: Buckler           |    17 |    27 ||    44

Table legend: (Time is in decaauts)
 A = Elapsed time spent in this place.
 B = Non-inter-level travel time spent in this place.
 C = Inter-level travel time spent in this place.
 D = Time resting spent in this place.
 E = Time spent auto-exploring this place.
 F = Levels seen in this place.
 G = Mean time per level.
                   A        B        C        D        E       F      G
               +--------+--------+--------+--------+--------+-----+--------+
         Total |   1920 |   1843 |     77 |    228 |   1314 |   3 |  640.0 |
       Dungeon |   1920 |   1843 |     77 |    228 |   1314 |   3 |  640.0 |
               +--------+--------+--------+--------+--------+-----+--------+

Top non-repeatable levels by time:
     D:2: 974 daAuts
     D:1: 820 daAuts
     D:3: 126 daAuts
